 Dungeon Crawl Stone Soup version 0.28.0-53-g5a82cb258f (webtiles) character file.

Game seed: 13882201910223519537

4323 shwobble the Cleaver (level 10, -2/107 HPs)
             Began as an Ogre Berserker on Aug 15, 2022.
             Was an Elder of Trog.
             Slain by an unseen horror (4 damage)
             ... on level 12 of the Dungeon.
             The game lasted 00:53:25 (6565 turns).

shwobble the Cleaver (Ogre Berserker)               Turns: 6565, Time: 00:53:26

Health: -2/107     AC:  8    Str: 25    XL:     10   Next: 33%
Magic:  10/10      EV: 11    Int:  8    God:    Trog [****..]
Gold:   252        SH:  0    Dex: 10    Spells: 9/9 levels left

rFire   . . .      SeeInvis .   c - +3 hand axe
rCold   . . .      Faith    +   (no shield)
rNeg    . . .      Spirit   .   b - +0 animal skin
rPois   +          Reflect  .   (helmet restricted)
rElec   .          Harm     .   o - +0 cloak
rCorr   .          Rampage  .   (gloves unavailable)
Will    +....                   (boots unavailable)
Stlth   +.........              U - amulet of faith
HPRegen 0.27/turn               d - ring of poison resistance
MPRegen 0.12/turn               B - +4 ring of protection

@: no status effects
A: large, unfitting armour, tough skin 1, evolution 1
a: Renounce Religion, Berserk, Trog's Hand, Brothers in Arms


You were on level 12 of the Dungeon.
You worshipped Trog.
Trog was greatly pleased with you.
You visited 2 branches of the dungeon, and saw 11 of its levels.
You also visited: Sewer.

You collected 364 gold pieces.
You spent 112 gold pieces at shops.

Inventory:

Hand Weapons
 a - a +0 hand axe
 c - a +3 hand axe (weapon)
 k - a +0 dagger of speed
 n - a +2 dagger of electrocution
 r - a +0 trident
 y - a +0 giant spiked club
 z - a +0 giant club
 A - a +0 war axe
 K - a +3 trident
 N - a +0 hand axe
 Q - a +3 spear
Missiles
 w - 2 silver javelins (quivered)
 I - a throwing net
Armour
 b - a +0 animal skin (worn)
 g - a +2 pair of gloves
 i - the +4 pair of gloves of the Tarantula {Harm Str+4 Dex-4}
   (You found it on level 4 of the Dungeon)

   Str:       It affects your strength (+4).
   Dex:       It affects your dexterity (-4).
   Harm:      It increases damage dealt and taken.
 o - a +0 cloak (worn)
 q - a +0 ring mail
 v - a +0 helmet
 x - a +0 robe
 L - a +0 buckler
 O - a +0 scale mail
 V - a +1 cloak
Magical Staves
 h - a staff of fire
Jewellery
 d - a ring of poison resistance (left hand)
 B - a +4 ring of protection (right hand)
 J - a ring of positive energy
 U - an amulet of faith (around neck)
Wands
 s - a wand of paralysis (16)
 R - a wand of flame (19)
 S - a wand of polymorph (8)
Scrolls
 f - a scroll of teleportation
 j - a scroll of enchant armour {unknown}
 l - 3 scrolls of identify
 p - a scroll of noise {unknown}
 u - 3 scrolls of fog
 C - 3 scrolls of enchant weapon {unknown}
 D - 3 scrolls of fear
 P - 2 scrolls of magic mapping {unknown}
Potions
 e - 4 potions of curing
 m - 3 potions of invisibility {unknown}
 t - 2 potions of brilliance
 E - 2 potions of haste {unknown}
 F - a potion of magic {unknown}
 M - 2 potions of resistance {unknown}


   Skills:
 + Level 9.5 Fighting
 * Level 9.9 Axes
 + Level 5.3 Armour
 + Level 6.6 Dodging


You had 9 spell levels left.
You didn't know any spells.
Your spell library contained the following spells:

 Spells                   Type           Power      Damage    Failure   Level
 Ensorcelled Hibernation  Hex/Ice        0%         N/A       54%         2
 Passwall                 Tmut/Erth      0%         N/A       54%         2
 Conjure Flame            Conj/Fire      0%         6-21      78%         3
 Ignite Poison            Fire/Tmut/Pois 0%         N/A       78%         3
 Swiftness                Air            0%         N/A       78%         3
 Sticky Flame             Conj/Fire      0%         2d3       99%         4


Dungeon Overview and Level Annotations

Branches:
Dungeon (12/15)            Temple (1/1) D:5           Sewer (visited)
   Lair: D:8-11         Orc: D:9-12

Altars:
Ashenzari
Cheibriados
Dithmenos
Elyvilon
Fedhas
Gozag
Hepliaklqana
Kikubaaqudgha
Makhleb
Okawaru
Qazlal
Sif Muna
Trog
Uskayaw
Vehumet
Wu Jian
Xom
Yredelemnul
Zin
The Shining One

Shops:
D:1 *[   D:5 (   D:7 !

Annotations:
D:7 1 runed translucent door


Innate Abilities, Weirdness & Mutations

You are too large for most types of armour.
You have tough skin. (AC +1)
You have hidden genetic potential.


Message History

Something hits you.
* * * LOW HITPOINT WARNING * * *
Throw: 5 javelins (silver)
Press: ? - help, Q - select action, (/) - cycle Shift-Dir - straight line You throw a silver javelin.
Something hits you but does no damage. Something hits you.
* * * LOW HITPOINT WARNING * * *
Throw: 4 javelins (silver)
Press: ? - help, Q - select action, (/) - cycle Shift-Dir - straight line You throw a silver javelin.
Something hits you but does no damage. Something hits you.
* * * LOW HITPOINT WARNING * * *
Throw: 3 javelins (silver)
Press: ? - help, Q - select action, (/) - cycle Shift-Dir - straight line You throw a silver javelin.
Something hits you.
* * * LOW HITPOINT WARNING * * *
Something hits you but does no damage. Something hits you.
* * * LOW HITPOINT WARNING * * *
Aiming: Paralyse
Press: ? - help, Shift-Dir - straight line
Okay, then.
Something hits you but does no damage.
Aiming: Paralyse
Press: ? - help, Shift-Dir - straight line
Okay, then.
Something hits you!
* * * LOW HITPOINT WARNING * * *
You see here a scroll of identify.
As you read the scroll of fog, it crumbles to dust.
The scroll dissolves into smoke.
Something hits you.
* * * LOW HITPOINT WARNING * * *
Okay, then.
There is a strange disturbance nearby!
As you read the scroll of immolation, it crumbles to dust.
The creatures around you are filled with an inner flame!
Something hits you but does no damage. Something hits you but does no damage.
Something hits you.
You die...

.# .# ..# #######§§§# ##
......§§§§# #. ##@§#
##########. #.#######{#§#
#.......... #......#{###.#
#.......#.# #§§##
#.###........## #.########§##
#..........## #........(..##
##.###........##
#########..#.###.####.......#.#
#((...#................
######.################


There were no monsters in sight!

Vanquished Creatures
  A two-headed ogre (D:4)
  A troll (D:12)
  Grinder (D:6)
  3 slime creatures (D:12)
  A shadow (D:12)
  A human (shapeshifter) (D:12)
  Menkaure (D:6)
  Pargi (Sewer)
  A hornet zombie (D:7)
  A necrophage (D:4)
  An ogre (D:5)
  2 phantoms
  A bullfrog (D:6)
  10 scorpions
  2 water moccasin zombies
  5 killer bees
  A howler monkey (D:6)
  A jelly (D:6)
  2 orc priests
  2 bullfrog skeletons
  2 bullfrog zombies (D:6)
  2 gnoll shamans
  2 orc wizards
  4 iguanas
  A centaur skeleton (D:6)
  A killer bee zombie (D:7)
  14 gnolls
  5 adders
  2 shadow imps
  A white imp (D:5)
  2 ufetubi
  3 adder skeletons
  A worm (D:2)
  5 dart slugs
  14 orcs
  9 endoplasms
  8 giant cockroaches
  6 goblins
  2 hobgoblins
  8 jackals
  8 kobolds
  5 quokkas
  7 ball pythons
  7 bats
  8 frilled lizards
  7 rats
  5 butterflies (D:7)
178 creatures vanquished.

Vanquished Creatures (collateral kills)
  A gnoll shaman (D:6)
  4 gnolls (D:6)
5 creatures vanquished.

Vanquished Creatures (others)
  7 plants (D:1)
7 creatures vanquished.

Grand Total: 190 creatures vanquished

Notes
Turn   | Place    | Note
-------+----------+-------------------------------------------
     0 | D:1      | shwobble the Ogre Berserker began the quest for the Orb.
     0 | D:1      | Reached XP level 1. HP: 24/24 MP: 1/1
   148 | D:1      | Reached XP level 2. HP: 21/32 MP: 2/2
   208 | D:1      | Found Apit's Assorted Antiques.
   212 | D:1      | Found Heanudghiras's Antique Armour Shoppe.
   416 | D:1      | Found a faded altar of an unknown god.
   526 | D:1      | Reached XP level 3. HP: 34/39 MP: 3/3
   561 | D:1      | Reached ** piety under Trog
   700 | D:2      | Reached skill level 1 in Armour
   823 | D:2      | Reached XP level 4. HP: 35/49 MP: 4/4
  1250 | D:3      | Reached *** piety under Trog
  1662 | D:3      | Reached XP level 5. HP: 51/55 MP: 5/5
  1795 | D:4      | Reached skill level 5 in Fighting
  1852 | D:4      | Reached XP level 6. HP: 51/66 MP: 6/6
  2054 | D:4      | Noticed a two-headed ogre
  2066 | D:4      | Killed a two-headed ogre
  2067 | D:4      | Reached XP level 7. HP: 33/76 MP: 7/7
  2184 | D:4      | Reached XP level 8. HP: 28/83 MP: 8/8
  2224 | D:4      | Identified the +4 pair of gloves of the Tarantula {Harm
                  | Str+4 Dex-4}
  2427 | D:5      | Entered Level 5 of the Dungeon
  2469 | D:5      | Found a staircase to the Ecumenical Temple.
  2480 | Temple   | Entered the Ecumenical Temple
  2870 | D:5      | Found a basalt altar of Yredelemnul.
  2873 | D:5      | Found a shimmering altar of Xom.
  2975 | D:5      | Found an iron altar of Okawaru.
  2975 | D:5      | Found a snail-covered altar of Cheibriados.
  3093 | D:5      | Found a glowing drain.
  3102 | Sewer    | Entered a sewer
  3144 | Sewer    | Noticed Pargi
  3157 | Sewer    | Killed Pargi
  3296 | D:5      | Found Peoskuj's Weapon Emporium.
  3459 | D:5      | Reached skill level 5 in Dodging
  3761 | D:6      | Found a hazy altar of Hepliaklqana.
  3881 | D:6      | Reached XP level 9. HP: 64/93 MP: 9/9
  4022 | D:6      | Reached **** piety under Trog
  4098 | D:6      | Noticed Menkaure
  4310 | D:6      | Noticed Grinder
  4327 | D:6      | Paralysed by Grinder for 5 turns
  4333 | D:6      | Paralysed by Grinder for 3 turns
  4341 | D:6      | Killed Grinder
  4381 | D:6      | Killed Menkaure
  4681 | D:7      | Found a runed translucent door.
  4688 | D:7      | Found a runed translucent door.
  5054 | D:7      | Found Cimmeemn's Distillery.
  5062 | D:7      | Bought a potion of mutation for 112 gold pieces
  5861 | D:9      | Reached XP level 10. HP: 90/107 MP: 10/10
  5894 | D:9      | You fall into a shaft and drop 3 floors!
  5906 | D:12     | Noticed a cyclops
  5918 | D:12     | Reached skill level 5 in Armour
  6542 | D:12     | Gained mutation: You have hidden genetic potential. [potion
                  | of mutation]
  6542 | D:12     | Gained mutation: You sometimes lose the ability to read
                  | scrolls when taking damage. [potion of mutation]
  6542 | D:12     | Lost mutation: You sometimes lose the ability to read
                  | scrolls when taking damage. [potion of mutation]
  6561 | D:12     | HP: 5/107 [something (7)]
  6562 | D:12     | HP: 1/107 [something (4)]
  6565 | D:12     | Slain by an unseen horror

Illustrated notes

Levels and vault maps discovered:
D:1:      dpeg_arrival_boxorama, layout_basic, serial_shops, shop,
          nicolae_shop_overgrown_old_shop, ebering_ecumenical_altar_ruins,
          minmay_box_of_dots
D:2:      minmay_chambers_of_ones, layout_rooms
D:3:      layout_basic, minmay_distorted
D:4:      layout_gridville, minmay_fractal_squares_diagonal_5, uniq_sigmund
D:5:      layout_basic, nicolae_overflow_hidden_temple,
          minmay_temple_entry_antechambers, enter_ossuary_5,
          portal_sewer_entry_d, serial_shops, nicolae_shop_bloodbath_and_beyond,
          st_stairs_14
D:6:      layout_cave_pods, mainiacjoe_overflow_catwalk, uniq_menkaure,
          uniq_grinder
D:7:      lemuel_insect_pit, layout_basic, serial_shops, nicolae_shop_trees,
          corexii_leaking_fountain
D:8:      layout_basic, kennysheep_dice
D:9:      layout_cave_pods, chequers_temple_overflow_statue_of_worship,
          dpeg_lair_monsters, uniq_maurice, uniq_harold
D:12:     layout_loops_ring, zombieorc2_lemuel
Temple:   regret_index_temple_waves

Skill      XL: |  1  2  3  4  5  6  7  8  9 10 |
---------------+-------------------------------+-----
Dodging        | 3 4 5 6 |  6.6
Armour         | 1 2 3 4 5 |  5.3
Axes           | 4 6 7 9 |  9.9
Fighting       | 5 6 7 9 |  9.5

Action                   |  1- 3 |  4- 6 |  7- 9 | 10-12 || total
-------------------------+-------+-------+-------+-------++-------
Melee: Hand axe          |    94 |   104 |   347 |    57 ||   602
       Punch             |     1 |       |     3 |     1 ||     5
Throw: Javelin           |       |       |     1 |     4 ||     5
Invok: Berserk           |       |     2 |     6 |     1 ||     9
       Brothers in Arms  |       |       |     1 |       ||     1
  Use: Potion            |       |       |    11 |     1 ||    12
       Scroll            |       |       |     2 |     8 ||    10
Armor: Animal skin       |    22 |    27 |   127 |    29 ||   205
Dodge: Dodged            |    33 |    57 |   223 |    27 ||   340
